AoeStats
← L0TROttoSkyW

Fortress

510221701Analyzed
4v4 RM · 2d ago on Sep 30, 2026· 42m 3s· 8 players
Game mode
Random Map
Map size
Huge
Population
200
Speed
Normal
Resources
Standard
Victory
Conquest
Starting age
Dark Age
Ending age
Imperial Age
RankedLock teamsTeams togetherTeam positionsShared explorationLock speedFull tech treeHidden civsTurbo modeCheats
Victory
Defeat
🇲🇽 Mongols · Mexico
736
+14
🇲🇽 Burgundians · Mexico
725
+14
🇬🇧 Georgians · United Kingdom
633
+18
🇲🇽 Huns · Mexico
627
+18
🇺🇸 Persians · United States
722
-18
🇺🇸 Saxons · United States
697
-17
🇺🇸 Portuguese · United States
659
-15
🇺🇸 Chinese · United States
628
-14
L0TROttoSkyW
3:10 Loom
7:33 Feudal Age
9:14 Wheelbarrow
10:51 Double-Bit Axe
10:48 Horse Collar
11:02 Gold Mining
11:04 Stone Mining
15:45 Forging
18:29 Castle Age
17:09 Arson
18:18 Scale Mail Armor
24:34 Gold Shaft Mining
25:16 Gambesons
26:31 Chain Mail Armor
26:52 Iron Casting
30:59 Bow Saw
36:09 Imperial Age
RidgePounder614
1:51 Loom
8:51 Feudal Age
13:55 Padded Archer Armor
13:46 Fletching
17:23 Castle Age
17:21 Double-Bit Axe
17:22 Horse Collar
20:07 Leather Archer Armor
19:48 Bodkin Arrow
20:00 Heavy Plow
20:19 Bow Saw
20:08 Crossbowman
23:05 Thumb Ring
L0tR_Dark0
3:14 Loom
8:12 Feudal Age
9:31 Wheelbarrow
8:52 Double-Bit Axe
8:50 Horse Collar
9:10 Gold Mining
17:57 Castle Age
21:13 Bow Saw
21:52 Padded Archer Armor
21:42 Fletching
25:10 Gold Shaft Mining
24:40 Bodkin Arrow
24:43 Stone Mining
24:59 Heavy Plow
28:03 Hand Cart
28:10 Forging
28:00 Scale Mail Armor
28:17 Leather Archer Armor
28:37 Pikeman
29:19 Squires
30:55 Stone Shaft Mining
33:39 Chain Mail Armor
34:00 Iron Casting
LOTR_HeinTime
3:33 Loom
8:04 Feudal Age
9:11 Gold Mining
9:08 Double-Bit Axe
9:07 Horse Collar
10:42 Wheelbarrow
16:39 Bloodlines
18:32 Forging
18:28 Scale Barding Armor
20:39 Castle Age
20:22 Stone Mining
22:51 Light Cavalry
24:58 Iron Casting
30:56 Hand Cart
30:53 Heavy Plow
31:07 Bow Saw
Nova_Kovic
7:16 Feudal Age
7:40 Horse Collar
7:49 Double-Bit Axe
10:26 Gold Mining
11:12 Stone Mining
15:24 Castle Age
16:23 Fletching
17:10 Bodkin Arrow
19:51 Bow Saw
20:49 Treadmill Crane
21:22 Fortified Wall
22:55 Ballistics
22:50 Loom
24:24 Bloodlines
26:41 Light Cavalry
28:50 Svan Towers
28:46 Guard Tower
28:51 Pikeman
32:13 Wheelbarrow
32:33 Heavy Plow
34:09 Herbal Medicine
34:26 Scale Barding Armor
34:32 Forging
34:42 Hand Cart
36:48 Masonry
39:12 Imperial Age
36:57 Husbandry
39:38 Caravan
39:41 Halberdier
40:24 Squires
40:09 Arson
40:23 Arrowslits
41:14 Keep
41:41 Chemistry
41:12 Architecture
40:39 Murder Holes
41:51 Conscription
41:38 Aznauri Cavalry
42:03 Bracer
42:42 Iron Casting
42:09 Scale Mail Armor
mau.mnry
5:29 Feudal Age
6:38 Feudal Age
13:26 Castle Age
12:40 Loom
17:33 Double-Bit Axe
17:41 Gold Mining
19:00 Bow Saw
21:13 Nomads
22:30 Man-at-Arms
23:22 Horse Collar
24:04 Scale Mail Armor
24:28 Forging
24:33 Long Swordsman
31:17 Chain Mail Armor
31:42 Gold Shaft Mining
32:34 Pikeman
33:06 Arson
37:57 Imperial Age
38:29 Onager
40:05 Siege Engineers
40:37 Ballistics
41:21 Chemistry
decs0793
7:39 Feudal Age
8:50 Double-Bit Axe
14:33 Horse Collar
14:49 Gold Mining
14:52 Stone Mining
15:46 Wheelbarrow
19:38 Castle Age
23:33 Imperial Age
23:10 Heavy Plow
26:02 Pikeman
26:43 Squires
30:49 Scale Barding Armor
30:44 Scale Mail Armor
30:55 Forging
30:10 Halberdier
32:48 Hand Cart
36:45 Elite Tarkan
37:52 Conscription
38:08 Bow Saw
38:20 Chain Mail Armor
joseabrojo
1:17 Loom
4:16 Double-Bit Axe
7:07 Horse Collar
9:06 Feudal Age
13:37 Castle Age
12:15 Forging
12:10 Heavy Plow
13:33 Bow Saw
15:02 Wheelbarrow
16:01 Hand Cart
15:51 Stone Mining
17:35 Husbandry
22:03 Two-Man Saw
21:46 Scale Barding Armor
22:03 Cavalier
23:30 Iron Casting
28:28 Scale Mail Armor
32:08 Imperial Age
30:40 Gold Mining
31:09 Chain Mail Armor
32:36 Squires
32:22 Arson
33:07 Fletching
34:10 Conscription
34:29 Devotion
34:08 Elite Skirmisher
34:12 Light Cavalry
39:14 Blast Furnace
42:30 Caravan
Connection lost

Rejoining the realm…

Still unreachable

The connection could not be restored.

Session expired

The server has moved on; the page needs a fresh start.